 Dungeon Crawl Stone Soup version 0.18.1-48-g4cf74bf (webtiles) character file.

86 Inkary the Skirmisher (level 4, -8/30 HPs)
             Began as a Gargoyle Fighter on July 28, 2016.
             Killed by divine providence
             ... invoked by an orc priest
              (10 damage)
             ... on level 3 of the Dungeon.
             The game lasted 00:02:19 (1721 turns).

Inkary the Skirmisher (Gargoyle Fighter)            Turns: 1721, Time: 00:02:20

Health: -8/30      AC: 12    Str: 21    XL:     4   Next: 50%
Magic:  4/4        EV:  7    Int:  8    God:
Gold:   152        SH:  9    Dex:  9    Spells: 0 memorised, 3 levels left

rFire  . . .     SeeInvis .     a - +0 flail
rCold  . . .     Gourm    .     b - +0 scale mail
rNeg   + . .     Faith    .     c - +0 shield
rPois  ∞         Spirit   .     t - +1 helmet
rElec  +         Dismiss  .     (no cloak)
rCorr  .         Reflect  .     (no gloves)
SustAt .         Harm     .     (no boots)
MR     .....                    (no amulet)
Stlth  +.........               (no ring)
                                h - ring of stealth

@: not resistant to hostile enchantments, very unstealthy
A: negative energy resistance 1, electricity resistance, unbreathing,
petrification resistance, rot immunity, AC +3
a: no special abilities


You were on level 3 of the Dungeon.
You were not hungry.

You visited 1 branch of the dungeon, and saw 3 of its levels.

You collected 152 gold pieces.

Inventory:

Hand Weapons
 a - a +0 flail (weapon)
Armour
 b - a +0 scale mail (worn)
 c - a +0 shield (worn)
 t - a +1 helmet (worn)
Jewellery
 h - a ring of stealth (left hand)
 s - an uncursed ring of protection from cold {unknown}
Scrolls
 i - 3 scrolls of enchant armour {unknown}
 j - 2 scrolls of magic mapping {unknown}
 k - a scroll of recharging {unknown}
 l - 2 scrolls of blinking {unknown}
 r - a scroll of noise {unknown}
 v - a scroll of amnesia {unknown}
 w - 2 scrolls of identify {unknown}
 x - 2 scrolls of teleportation {unknown}
 y - 4 scrolls of enchant weapon {unknown}
Potions
 d - a potion of might
 e - a potion of agility {unknown}
 g - 2 potions of degeneration {unknown}
 m - a potion of flight {unknown}
 o - a potion of brilliance {unknown}
 p - 2 potions of heal wounds {unknown}
 q - a potion of curing {unknown}
Comestibles
 f - 2 bread rations
 n - a slice of pizza
 u - a fruit
 z - a royal jelly
 A - a beef jerky
 B - a chunk of flesh


   Skills:
 * Level 4.4 Fighting
 + Level 2.6 Maces & Flails
 + Level 3.8 Armour
 + Level 3.8 Shields


You had 3 spell levels left.
You didn't know any spells.

Dungeon Overview and Level Annotations

Branches:
Dungeon (3/15)

Altars:


Innate Abilities, Weirdness & Mutations

You are resistant to torment.
Your stone body is resilient (AC +3).
You are immune to poison.
You resist negative energy.
You are resistant to electric shocks.
You can survive without breathing.
You are immune to petrification.
You are immune to rotting.


Message History

The orc priest mumbles some strange prayers to Beogh against you.
Beogh smites you!
You hit the orc priest.
The orc priest is heavily wounded.
The orc priest looks braver for a moment.
You closely miss the orc priest.
The orc priest is heavily wounded.
The orc priest hits you but does no damage.
The orc priest calls down the wrath of Beogh upon you.
Pain shoots through your body!
* * * LOW HITPOINT WARNING * * *
You closely miss the orc priest.
The orc priest is heavily wounded.
The orc priest hits you but does no damage.
You closely miss the orc priest.
The orc priest is heavily wounded.
You block the orc priest's attack.
The orc priest mumbles some strange prayers to Beogh against you.
Beogh smites you!
You die...

..# #.# #.# # #+ #.# ###
... #.# .. .... ####.##
# ..... ##.##..## #
......####...#...#######
.....{o@................
......####...#...#######
..... ##.........# #
.... #.........# # ...
#.........# # #+
##.#...#### # #.#...# #
#.#...#


You could see an orc priest.

Vanquished Creatures
  An adder (D:3)
  An ooze (D:3)
  4 dart slugs
  An orc (D:3)
  A ball python (D:1)
  6 bats
  A giant cockroach (D:1)
  7 goblins
  7 hobgoblins
  12 jackals
  4 kobolds
  6 giant newts
  12 rats
63 creatures vanquished.

Notes
Turn   | Place    | Note
--------------------------------------------------------------
     0 | D:1      | Inkary the Gargoyle Fighter began the quest for the Orb.
     0 | D:1      | Reached XP level 1. HP: 14/14 MP: 1/1
    45 | D:1      | Reached XP level 2. HP: 19/19 MP: 2/2
   267 | D:1      | Reached XP level 3. HP: 24/24 MP: 3/3
   473 | D:1      | Reached skill level 4 in Fighting
  1114 | D:2      | Reached XP level 4. HP: 29/29 MP: 4/4
  1721 | D:3      | Killed from afar by an orc priest

Skill      XL: |  1  2  3 |
---------------+----------+-----
Fighting       | 4 |  4.4
Maces & Flails | |  2.6
Armour         | |  3.8
Shields        | |  3.8

Action                   |  1- 3 |  4- 6 || total
-------------------------+-------+-------++-------
Melee: Flail             |   181 |    58 ||   239
  Eat: Chunk             |     1 |     2 ||     3
Armor: Scale mail        |   135 |    25 ||   160
Dodge: Dodged            |    65 |    15 ||    80
Block: Shield            |   126 |    24 ||   150
